 Dungeon Crawl Stone Soup version 0.14-a0-3545-g7d9ef9c (webtiles) character file.

136433 Psiweapon the Imperceptible (level 17, -5/118 HPs)
             Began as a Kobold Berserker on Mar 27, 2014.
             Was a Priest of Trog.
             Slain by a balrug
             ... wielding a +1,+1 demon whip of freezing
              (15 damage)
             ... on Level 3 of the Abyss on Mar 28, 2014.
             The game lasted 06:00:36 (33954 turns).

Psiweapon the Imperceptible (Kobold Berserker)     Turns: 33954, Time: 06:00:36

HP  -5/118       AC 12     Str 18 (19) XL: 17   Next: 73%
MP   8/8         EV 31     Int  7 (8)  God: Trog [***...]
Gold 2701        SH 18     Dex 23 (25) Spells:  0 memorised, 16 levels left

rFire  . . .     SeeInvis .     F - +4,+7 cutlass (antimagic)
rCold  . . .     Clarity  .     U - +4 troll leather armour
rNeg   + . .     Conserve .     z - +0 buckler {rPois}
rPois  +         rCorr    .     X - +0 helmet of Classification {+Fly rElec rPois rN+ MR+ Int+3 Stlth+}
rElec  +         rRot     .     B - +0 cloak
SustAb . .       Spirit   .     b - +1 pair of gloves {Str+3}
rMut   .         Warding  .     (no boots)
Saprov + + .     Stasis   .     k - amulet of inaccuracy {unknown}
MR     ++...                    H - +3 ring of dexterity
                                f - ring of regeneration

@: very resistant to hostile enchantments, incredibly stealthy
A: disease resistance, hooves 1, blurry vision 1, carnivore 3, deterioration 2,
low mp 1, robust 1, saprovore 2
a: Burn Spellbooks, Berserk, Trog's Hand, Renounce Religion, Evoke Flight


You were on level 3 of the Abyss.
You worshipped Trog.
Trog was most pleased with you.
You were not hungry.

You visited 5 branches of the dungeon, and saw 29 of its levels.
You visited the Abyss 1 time.
You also visited: Ice Cave.

You collected 3133 gold pieces.
You spent 432 gold pieces at shops.

Inventory:

Hand weapons
 d - a +2,+1 short sword of chaos
 F - a +4,+7 anti-magic cutlass (weapon)
 O - a +2,+1 dagger of speed
Missiles
 a - 14 silver tomahawks (quivered)
 t - 3 steel tomahawks
 C - 10 tomahawks of returning
Armour
 b - a +1 pair of gloves of strength (worn)
 x - a +0 helmet
 z - a +0 buckler of poison resistance (worn)
 B - a +0 cloak (worn)
 U - a +4 troll leather armour (worn)
 X - the +0 helmet of Classification (worn) {+Fly rElec rPois rN+ MR+ Int+3 Stlth+}
   (You found it on level 3 of the Abyss)

   It affects your intelligence (+3).
   It insulates you from electricity.
   It protects you from poison.
   It protects you from negative energy.
   It affects your resistance to hostile enchantments.
   It lets you fly.
   It makes you much more stealthy.
Magical devices
 g - a wand of frost (3)
 i - a wand of slowing (3)
 j - a wand of fireball (5)
 y - a wand of confusion (3)
 A - a wand of disintegration (2)
 E - a wand of frost (16)
 J - a wand of disintegration (13)
 Q - a wand of confusion (10)
 Z - a wand of teleportation (1)
Comestibles
 w - a meat ration
 R - 7 cheeses
Scrolls
 l - 5 scrolls of teleportation
 n - 2 scrolls of blinking
 q - 2 scrolls of immolation
 s - a scroll of summoning {unknown}
 u - 6 scrolls of remove curse
 P - 2 scrolls of fog
 S - a scroll of acquirement {unknown}
 V - a scroll of magic mapping
Jewellery
 f - a ring of regeneration (left hand)
 h - an uncursed amulet of the gourmand
 k - an amulet of inaccuracy (around neck) {unknown}
 p - an uncursed ring of protection from cold
 D - an uncursed ring of sustenance
 G - an uncursed ring of see invisible
 H - a +3 ring of dexterity (right hand)
 I - an uncursed ring of protection from cold
 L - an uncursed amulet of stasis
 M - an uncursed ring of fire
 T - an uncursed ring of ice
Potions
 c - a potion of heal wounds
 e - a potion of might
 m - 6 potions of curing
 v - 5 potions of agility
Miscellaneous
 o - an ornate deck of changes
 K - a lamp of fire (inert)
 Y - a phial of floods
Rods
 W - a +0 rod of inaccuracy (9/9)
   (You found it on level 3 of the Abyss)


   Skills:
 + Level 12.8 Fighting
 - Level 14.5 Short Blades
 - Level 10.0 Throwing
 - Level 1.5 Armour
 - Level 15.3 Dodging
 - Level 21.1 Stealth
 - Level 10.3 Shields
 + Level 8.5 Evocations


You had 16 spell levels left.
You didn't know any spells.

Dungeon Overview and Level Annotations

Branches:
Dungeon (15/15)            Temple (0/1) D:4             Orc (4/4) D:12
    Elf (0/3) Orc:3          Lair (8/8) D:11         Shoals (0/5) Lair:6
 Spider (1/5) Lair:4        Slime (0/6) Lair:8       Vaults (0/5) D:13
 Depths (1/5) D:15

Altars:
Ashenzari
Dithmenos
Elyvilon
Fedhas
Kikubaaqudgha
Makhleb
Trog
The Shining One
Beogh

Shops:
D:6 !   Orc:4 (=*[

Portals:
Pandemonium: Depths:1

Annotations:
D:5 exclusion: upstairs
D:11 exclusions: 15 doors, 2 downstairs and 87 more exclusions
D:12 exclusions: 4 doors, 2 upstairs and 27 more exclusions
Spider:1 Louise


Innate Abilities, Weirdness & Mutations

You recuperate from illness quickly.
You are small and have problems with some larger weapons.
You are carnivorous and can eat meat at any time.
You can eat rotten meat.
You have large cloven feet.
Your vision is a little blurry.
Your body is deteriorating.
Your magical capacity is low (-10% MP).
You are robust (+10% HP).


Message History

You feel dopey.
The raiju bursts into living lightning!
The living lightning misses you.
The living lightning hits the raiju.
The raiju completely resists.
The raiju blinks!
The raiju completely misses you. The raiju closely misses you.
The raiju bites you but does no damage.
An eye of draining and a flying skull come into view.
You block the raiju's attack. The raiju completely misses you.
A titan skeleton comes into view.
The balrug hits you with a runed demon whip!
You are engulfed in flames!
* * * LOW HITPOINT WARNING * * *
One of your 7 scrolls of remove curse catches fire!
The balrug freezes you.
* * * LOW HITPOINT WARNING * * *
You block the unborn's attack.
The balrug hits you with a demon whip of freezing!
* * * LOW HITPOINT WARNING * * *
You are engulfed in flames!
You die...

...###..#. ...Z.##.. #
##.###..#.....# .
#.###.#.##.#..... #
###.#.#....X#...
#.....? .#.........#
## .
....###2..#.##....#..#
.....#..ยง#
.#....X...# ##. #..
##.#.#L#2.##.. ## #
###...@#..# ##..#hhh#
#.####....# #. ..###.#
#. .#.. # # ..#... .#
.#z.# .# . ..# G #.#


You could see a starcursed mass (wandering), an unborn, a balrug, a large
abomination, 3 raiju and a titan skeleton (wandering).

Vanquished Creatures
  A profane servitor (Abyss:1)
  2 liches (Abyss:1)
  2 tentacled starspawn
  A frost giant (IceCv)
  An orc warlord (Orc:4)
  A stone giant (Depths:1)
  A blizzard demon (Abyss:3)
  An ettin (D:15)
  3 ogre magi
  A great orb of eyes (Abyss:3)
  4 hydras
  A rakshasa (Abyss:3)
  8 small abominations
  Erica (D:15)
  A tengu warrior (D:15)
  3 thrashing horrors (Abyss:1)
  2 centaur warriors (D:13)
  A storm dragon zombie (Abyss:3)
  Nergalle (D:13)
  2 very ugly things (Abyss:1)
  4 wretched stars
  A skeletal warrior (D:14)
  6 orb spiders (Spider:1)
  A deep troll (D:15)
  A wizard (D:13)
  10 large abominations
  An unseen horror (D:14)
  2 giant orange brains
  6 starcursed masses (Abyss:1)
  4 hill giants
  An orc knight (Orc:2)
  2 orc sorcerers (Orc:3)
  5 wolf spiders
  A cyclops (D:12)
  2 griffons
  A sixfirhy (Abyss:1)
  7 elephants
  5 black mambas
  A guardian serpent (Lair:8)
  12 spiny frogs
  4 gargoyles
  2 apocalypse crabs (Abyss:1)
  An orange demon (Orc:3)
  Psyche (D:9)
  4 smoke demons (Abyss:1)
  2 demonic crawlers (D:13)
  5 yaktaurs (D:15)
  An efreet (Abyss:1)
  A komodo dragon (Lair:5)
  A queen bee (Lair:5)
  3 kobold demonologists (D:13)
  3 freezing wraiths
  A wandering mushroom (Abyss:1)
  2 deep elf priests (D:15)
  A tengu conjurer (D:15)
  5 trolls
  A fire drake (Lair:3)
  3 jumping spiders (Spider:1)
  13 polar bears
  2 two-headed ogres
  29 blink frogs
  5 raiju (Abyss:3)
  2 boulder beetles (D:13)
  A spriggan (Lair:8)
  3 deep elf magi
  A basilisk (Lair:5)
  6 redbacks
  A ynoxinul (Abyss:3)
  8 tarantellas
  3 wyverns
  4 trapdoor spiders
  27 yaks
  3 elephant slugs
  4 sharks
  18 hippogriffs
  3 vampire mosquitoes (D:14)
  A fire elemental (Abyss:1)
  2 hungry ghosts
  A wraith (Abyss:1)
  A neqoxec (Abyss:1)
  Grum (Abyss:1)
  10 ugly things
  A hill giant zombie (D:14)
  3 shadows
  2 chaos spawn
  3 golden eyes (Abyss:1)
  19 wolves
  2 wargs (Orc:1)
  4 deep elf fighters (D:15)
  Edmund (D:4)
  A mottled dragon (D:11)
  A necrophage (D:8)
  7 hell hounds (Abyss:1)
  17 orc warriors
  12 porcupines
  18 water moccasins
  9 ice beasts
  6 spiders
  13 ogres
  3 black bears
  A yellow wasp (D:11)
  2 sky beasts
  11 centaurs
  2 giant goldfish (Lair:7)
  6 crocodiles
  A boring beetle (Lair:6)
  7 giant slugs
  A lava worm (D:11)
  2 big kobolds
  12 giant frogs
  3 eyes of draining
  5 scorpions
  A water moccasin skeleton (D:6)
  28 killer bees
  An electric eel (Spider:1)
  8 wights
  2 tengu skeletons
  4 crimson imps
  6 goliath beetles
  2 giant frog zombies
  2 hounds
  A lava snake (D:11)
  20 orc priests
  5 jellies
  An iron imp (Abyss:1)
  2 quasits
  A big fish (Lair:7)
  38 orc wizards
  17 worker ants
  A gnoll shaman (D:7)
  11 iguanas
  A sky beast zombie (D:11)
  A hound skeleton (D:7)
  A big fish zombie (D:6)
  16 gnolls
  29 adders
  2 orange rats
  A giant mite (Lair:8)
  99 green rats
  A shadow imp (Abyss:3)
  3 white imps (Abyss:1)
  5 worms
  2 ufetubi (Abyss:1)
  A giant eyeball (D:13)
  5 giant geckos
  3 oozes
  144 orcs
  A bat skeleton (D:4)
  A bat zombie (D:6)
  18 goblins
  26 hobgoblins
  22 jackals
  19 kobolds
  4 ball pythons
  28 bats
  4 giant cockroaches
  A giant gecko zombie (D:6)
  9 giant newts
  A goblin zombie (D:5)
  A hobgoblin skeleton (D:7)
  A jackal skeleton (D:4)
  A kobold zombie (D:8)
  A lurking horror (Abyss:1)
  An orc skeleton (D:8)
  10 quokkas
  27 rats
  A rat zombie (D:6)
  2 fungi
  A plant (Lair:4)
1121 creatures vanquished.

Vanquished Creatures (collateral kills)
  An orc warlord (Orc:3)
  An emperor scorpion (Spider:1)
  Harold (D:12)
  An ogre mage (D:15)
  A hydra (Lair:7)
  4 death yaks (Lair:8)
  Urug (Orc:4)
  An orc high priest (Orc:4)
  3 orc knights
  A red wasp (Lair:8)
  A wolf spider (Lair:8)
  3 orc sorcerers (Orc:4)
  A manticore (D:15)
  7 elephants
  An orange demon (Orc:4)
  2 spiny frogs (Lair:8)
  3 black mambas (Lair:8)
  2 trolls
  2 polar bears (IceCv)
  2 two-headed ogres (D:15)
  A basilisk (Lair:2)
  2 yaks
  3 redbacks
  2 blink frogs (Lair:2)
  2 ugly things (D:12)
  A ynoxinul (Orc:4)
  A deep elf mage (D:9)
  A spider (Lair:8)
  19 orc warriors
  2 centaurs (D:6)
  A black bear (D:6)
  2 ogres
  Blork the orc (Orc:4)
  A giant frog (Lair:2)
  A wyvern skeleton (D:7)
  6 killer bees (Lair:5)
  A scorpion (D:6)
  A crimson imp (D:7)
  A hound (D:6)
  6 orc priests
  3 orc wizards
  An iguana (D:7)
  A worker ant (D:7)
  An adder (Lair:8)
  A worm (D:9)
  An ufetubus (D:13)
  50 orcs
  A bat zombie (D:6)
  A hobgoblin (D:6)
  A giant cockroach zombie (D:6)
  2 goblins
  2 kobolds (D:13)
  8 orc zombies (Orc:4)
  A butterfly (Lair:5)
168 creatures vanquished.

Vanquished Creatures (others)
  A death yak (Lair:8)
  A centaur warrior (D:14)
  2 skeletal warriors (D:12)
  A deep troll (Orc:2)
  An orb spider (Spider:1)
  A hill giant (D:13)
  An ice statue (IceCv)
  An orc knight (Orc:3)
  A griffon (Lair:7)
  A wolf spider (Lair:8)
  3 elephants
  A black mamba (Lair:8)
  A hellwing (Orc:3)
  A komodo dragon (Lair:8)
  A fire elemental (Orc:2)
  4 polar bears (IceCv)
  8 two-headed ogres
  A boulder beetle (Lair:8)
  A trapdoor spider zombie (D:10)
  A troll (Orc:4)
  A tarantella (Spider:1)
  A grizzly bear (Lair:3)
  9 yaks
  6 wolves
  2 ugly things
  3 porcupines
  A necrophage (D:9)
  4 water moccasins
  An ice beast (D:14)
  3 orc warriors
  3 black bears
  A small abomination (Abyss:1)
  7 ogres
  2 centaurs
  2 crocodiles
  4 giant slugs
  6 killer bees
  2 wights
  An electric eel (Lair:7)
  A goliath beetle (D:13)
  A kobold zombie (D:11)
  An orc priest (Orc:2)
  A big fish (Spider:1)
  An orc wizard (Orc:4)
  2 worker ants
  3 green rats
  7 orcs
  A goblin (Orc:4)
  A jackal (Lair:2)
  3 kobolds (D:9)
  A bat (Lair:4)
  2 orc zombies (Orc:4)
  10 fungi
  3 plants
  7 starspawn tentacles
  6 starspawn tentacle segments (Abyss:3)
143 creatures vanquished.

Grand Total: 1432 creatures vanquished

Notes
Turn   | Place    | Note
--------------------------------------------------------------
     0 | D:1      | Psiweapon, the Kobold Berserker, began the quest for the Orb.
     0 | D:1      | Reached XP level 1. HP: 14/14 MP: 1/1
   345 | D:1      | Reached XP level 2. HP: 17/19 MP: 2/2
   527 | D:1      | Reached skill level 5 in Short Blades
  1022 | D:1      | Reached XP level 3. HP: 23/23 MP: 3/3
  1247 | D:2      | Acquired Trog's second power
  1251 | D:2      | Reached skill level 1 in Stealth
  1297 | D:2      | Found a shattered altar of Ashenzari.
  1477 | D:2      | Found a burning altar of Makhleb.
  1852 | D:2      | Reached XP level 4. HP: 25/28 MP: 4/4
  1877 | D:2      | Found a burning altar of Makhleb.
  1877 | D:2      | Noticed a cacodemon
  1880 | D:2      | Noticed a neqoxec
  1880 | D:2      | Noticed a smoke demon
  2199 | D:3      | Reached skill level 6 in Short Blades
  2274 | D:3      | Reached XP level 5. HP: 8/32 MP: 5/5
  2505 | D:3      | Found a bloodstained altar of Trog.
  2526 | D:3      | Reached XP level 6. HP: 20/37 MP: 6/6
  2673 | D:3      | Reached skill level 7 in Short Blades
  2984 | D:5      | Entered Level 5 of the Dungeon
  3062 | D:4      | Reached skill level 5 in Stealth
  3177 | D:4      | Found a staircase to the Ecumenical Temple.
  3644 | D:4      | Reached XP level 7. HP: 14/41 MP: 7/7
  3752 | D:4      | Noticed Edmund
  3757 | D:4      | Killed Edmund
  3757 | D:4      | Reached skill level 8 in Short Blades
  3925 | D:4      | Acquired Trog's third power
  4019 | D:5      | HP: 3/61 [goblin zombie (3)]
  4293 | D:5      | Found a shadowy altar of Dithmenos.
  4411 | D:5      | Reached skill level 9 in Short Blades
  4411 | D:5      | Reached XP level 8. HP: 20/46 MP: 8/8
  4942 | D:6      | Found a white marble altar of Elyvilon.
  5096 | D:6      | Reached skill level 10 in Short Blades
  5153 | D:6      | Upgraded the game from 0.14-a0-3520-g290746a to 0.14-a0-3545-g7d9ef9c
  5854 | D:6      | Found Godghach's Distillery.
  5880 | D:6      | Bought a potion of heal wounds for 42 gold pieces
  5880 | D:6      | Bought a potion of agility for 35 gold pieces
  5880 | D:6      | Bought a potion of mutation for 35 gold pieces
  5880 | D:6      | Bought a potion of heal wounds for 42 gold pieces
  5880 | D:6      | Bought a potion of curing for 28 gold pieces
  5880 | D:6      | Bought a potion of restore abilities for 42 gold pieces
  5880 | D:6      | Bought a potion of curing for 28 gold pieces
  5940 | D:6      | Reached XP level 9. HP: 51/51 MP: 9/9
  5943 | D:6      | Reached skill level 10 in Stealth
  6004 | D:6      | Found an ancient bone altar of Kikubaaqudgha.
  6726 | D:7      | Paralysed by an orc for 2 turns
  7128 | D:7      | Noticed a troll
  7153 | D:7      | Killed a troll
  7153 | D:7      | Reached skill level 5 in Fighting
  7427 | D:8      | Reached skill level 5 in Dodging
  7427 | D:8      | Reached skill level 11 in Stealth
  7688 | D:8      | Reached XP level 10. HP: 60/60 MP: 10/10
  8180 | D:9      | Found a glowing golden altar of the Shining One.
  8188 | D:9      | Noticed Psyche
  8523 | D:9      | Reached skill level 12 in Stealth
  8593 | D:9      | Found a roughly hewn altar of Beogh.
  8686 | D:9      | Killed Psyche
  8706 | D:9      | Noticed Grum
  8779 | D:9      | Banished Grum
  9097 | D:10     | Entered Level 10 of the Dungeon
  9131 | D:10     | Reached XP level 11. HP: 61/69 MP: 11/11
  9949 | D:10     | Reached skill level 1 in Throwing
 10342 | D:12     | Noticed Harold
 10356 | D:12     | Killed Harold
 10429 | D:12     | Found a staircase to the Orcish Mines.
 10448 | D:12     | Reached skill level 13 in Stealth
 10712 | D:12     | Gained mutation: You occasionally shout uncontrollably. [mutagenic meat]
 10713 | D:12     | Gained mutation: Your vision is a little blurry. [potion of mutation]
 10713 | D:12     | Gained mutation: You have large cloven feet. [potion of mutation]
 10713 | D:12     | Gained mutation: Your magical capacity is low (-10% MP). [potion of mutation]
 10714 | D:12     | Gained mutation: You heal slowly when monsters are visible. [potion of mutation]
 10715 | D:12     | Gained mutation: Your vision is quite blurry. [potion of mutation]
 10715 | D:12     | Gained mutation: You are robust (+10% HP). [potion of mutation]
 10715 | D:12     | Gained mutation: Your body is slowly deteriorating. [potion of mutation]
 10716 | D:12     | Gained mutation: Armour fits poorly on your strangely shaped body. [potion of mutation]
 10716 | D:12     | Lost mutation: Your vision is quite blurry. [potion of mutation]
 10716 | D:12     | Gained mutation: Your body is deteriorating. [potion of mutation]
 10774 | D:12     | Reached skill level 5 in Throwing
 10810 | D:12     | Noticed a skeletal warrior
 10810 | D:12     | Noticed a skeletal warrior
 10813 | D:12     | Noticed a skeletal warrior
 10822 | D:12     | Banished a skeletal warrior
 10823 | D:12     | Banished a skeletal warrior
 10830 | D:12     | Banished a skeletal warrior
 11002 | D:12     | Noticed a cyclops
 11041 | D:12     | Killed a cyclops
 11406 | D:13     | Noticed a griffon
 11442 | D:13     | Noticed a soul eater
 11445 | D:13     | Reached skill level 14 in Stealth
 11445 | D:13     | Reached XP level 12. HP: 83/83 MP: 10/10
 11511 | D:13     | Killed a griffon
 11580 | D:13     | Noticed Nergalle
 11588 | D:13     | Killed Nergalle
 11588 | D:13     | Received a gift from Trog
 11732 | D:11     | Found a staircase to the Lair.
 11813 | Lair:1   | Entered Level 1 of the Lair of Beasts
 12056 | Lair:1   | Reached skill level 15 in Stealth
 12165 | Lair:1   | Received a gift from Trog
 12814 | Lair:1   | Lost mutation: Your vision is a little blurry. [potion of cure mutation]
 12814 | Lair:1   | Lost mutation: You heal slowly when monsters are visible. [potion of cure mutation]
 12814 | Lair:1   | Lost mutation: You occasionally shout uncontrollably. [potion of cure mutation]
 12814 | Lair:1   | Lost mutation: Armour fits poorly on your strangely shaped body. [potion of cure mutation]
 13149 | Lair:2   | Reached skill level 16 in Stealth
 13768 | Lair:3   | Reached XP level 13. HP: 88/88 MP: 11/11
 13949 | Lair:3   | Received a gift from Trog
 14791 | Lair:4   | Found a hole to the Spider Nest.
 15003 | Lair:4   | Reached skill level 17 in Stealth
 15401 | Lair:4   | Reached skill level 1 in Evocations
 15446 | Lair:4   | Received a gift from Trog
 16209 | Lair:5   | Received a gift from Trog
 16475 | Lair:5   | Reached skill level 5 in Evocations
 16643 | Lair:5   | Received a gift from Trog
 16851 | Lair:5   | Reached skill level 18 in Stealth
 17910 | Lair:6   | Found a staircase to the Shoals.
 18188 | Lair:6   | Received a gift from Trog
 18607 | Lair:6   | Reached XP level 14. HP: 64/95 MP: 21/21
 18639 | Lair:6   | Reached skill level 10 in Fighting
 19022 | Lair:7   | Received a gift from Trog
 19106 | Lair:7   | Reached skill level 10 in Throwing
 19393 | Lair:7   | Reached skill level 10 in Dodging
 19903 | Lair:7   | Received a gift from Trog
 20065 | Lair:8   | Entered Level 8 of the Lair of Beasts
 20183 | Lair:8   | Reached skill level 19 in Stealth
 20494 | Lair:8   | Reached skill level 1 in Shields
 20548 | Lair:8   | Received a gift from Trog
 21428 | Lair:8   | Found a staircase to the Slime Pits.
 21705 | Lair:3   | Reached skill level 20 in Stealth
 22176 | D:11     | Reached XP level 15. HP: 74/101 MP: 22/22
 22651 | D:11     | Lost intelligence.
 23031 | D:13     | Noticed a centaur warrior
 23178 | D:13     | Noticed a centaur warrior
 23185 | D:13     | Killed a centaur warrior
 23191 | D:13     | Noticed a centaur warrior
 23198 | D:13     | Killed a centaur warrior
 23202 | D:13     | Reached skill level 5 in Shields
 23311 | D:13     | Noticed a hill giant
 23312 | D:13     | Noticed a hill giant
 23345 | D:13     | Banished a hill giant
 23388 | D:13     | Found a gate to the Vaults.
 23388 | D:13     | Noticed a wizard
 23394 | D:13     | Killed a wizard
 23480 | D:13     | Killed a hill giant
 23723 | D:14     | Found a frozen archway.
 23770 | D:14     | Received a gift from Trog
 23794 | IceCv    | Entered an ice cave
 24303 | IceCv    | Noticed a frost giant
 24314 | IceCv    | Killed a frost giant
 24700 | D:14     | You fall through a shaft!
 24700 | D:15     | Entered Level 15 of the Dungeon
 24855 | D:15     | Noticed Erica
 24866 | D:15     | Found a blossoming altar of Fedhas.
 25169 | D:14     | Received a gift from Trog
 25877 | Orc:1    | Entered Level 1 of the Orcish Mines
 25952 | Orc:1    | Found a roughly hewn altar of Beogh.
 26121 | Orc:1    | Received a gift from Trog
 26334 | Orc:2    | Received a gift from Trog
 26461 | Orc:2    | Received a gift from Trog
 26486 | Orc:2    | Found a roughly hewn altar of Beogh.
 26618 | Orc:2    | Reached XP level 16. HP: 86/106 MP: 23/23
 26621 | Orc:2    | Received a gift from Trog
 26900 | Orc:2    | Received a gift from Trog
 27152 | Orc:3    | Found a staircase to the Elven Halls.
 27307 | Orc:3    | Received a gift from Trog
 27417 | Orc:3    | Reached skill level 21 in Stealth
 27530 | Orc:4    | Entered Level 4 of the Orcish Mines
 27537 | Orc:4    | Received a gift from Trog
 27786 | Orc:4    | Noticed Blork the orc
 27793 | Orc:4    | Killed Blork the orc
 27795 | Orc:4    | Paralysed by an orc sorcerer for 3 turns
 27801 | Orc:4    | Received a gift from Trog
 27839 | Orc:4    | Noticed Urug
 27840 | Orc:4    | Found a roughly hewn altar of Beogh.
 27844 | Orc:4    | Killed Urug
 27848 | Orc:4    | Found Twiwuo's Antique Weapon Emporium.
 27861 | Orc:4    | Found Emazes' General Store.
 28149 | Orc:4    | Received a gift from Trog
 28376 | Orc:4    | Found Cryurphay's Antique Armour Emporium.
 28406 | Orc:4    | Found Thij's Jewellery Emporium.
 28596 | Orc:4    | Bought an uncursed ring of see invisible for 180 gold pieces
 29736 | Lair:5   | Received a gift from Trog
 30129 | D:15     | Killed Erica
 30589 | D:15     | Found a staircase to the Depths.
 30720 | Depths:1 | Entered Level 1 of the Depths
 30729 | Depths:1 | Found a one-way gate leading to the halls of Pandemonium.
 31006 | Spider:1 | Entered Level 1 of the Spider Nest
 31727 | Spider:1 | Noticed Louise
 31730 | Spider:1 | Cast into the Abyss (Louise)
 31783 | Abyss:1  | Noticed a profane servitor
 31800 | Abyss:1  | Killed a profane servitor
 32049 | Abyss:1  | Reached skill level 15 in Dodging
 32049 | Abyss:1  | Reached skill level 10 in Shields
 32096 | Abyss:1  | Reached XP level 17. HP: 64/112 MP: 8/24
 32354 | Abyss:1  | Lost intelligence.
 32664 | Abyss:1  | Paralysed by accursed screaming for 2 turns
 32703 | Abyss:1  | Killed Grum
 32741 | Abyss:1  | Noticed a tentacled starspawn
 32757 | Abyss:1  | Killed a tentacled starspawn
 32791 | Abyss:1  | Noticed a lich
 32801 | Abyss:1  | Gained mutation: Your vision is a little blurry. [a cacodemon]
 32803 | Abyss:1  | Killed a lich
 32885 | Abyss:1  | Noticed a lich
 32914 | Abyss:1  | Killed a lich
 33008 | Abyss:1  | Received a gift from Trog
 33217 | Abyss:1  | Found an iron altar of Okawaru.
 33237 | Abyss:2  | Found a corrupted altar of Lugonu.
 33249 | Abyss:2  | Found a roughly hewn altar of Beogh.
 33285 | Abyss:3  | Found a corrupted altar of Lugonu.
 33322 | Abyss:3  | Identified a +0 rod of inaccuracy (9/9) (You found it on level 3 of the Abyss)
 33392 | Abyss:3  | Got a transparent helmet
 33396 | Abyss:3  | Identified the +0 helmet of Classification {+Fly rElec rPois rN+ MR+ Int+3 Stlth+} (You found it on level 3 of the Abyss)
 33527 | Abyss:3  | Found a corrupted altar of Lugonu.
 33885 | Abyss:3  | Noticed a tentacled starspawn
 33922 | Abyss:3  | Killed a tentacled starspawn
 33954 | Abyss:3  | Slain by a balrug

Action                   |  1- 3 |  4- 6 |  7- 9 | 10-12 | 13-15 | 16-18 || total
-------------------------+-------+-------+-------+-------+-------+-------++-------
Melee: Short sword       |   190 |   142 |   162 |    65 |       |   471 ||  1030
       Dagger            |       |   153 |   390 |   632 |  1600 |   343 ||  3118
       Cutlass           |       |       |       |       |       |   540 ||   540
Throw: Tomahawk          |       |       |    10 |    22 |   215 |   199 ||   446
       Throwing net      |       |       |       |       |    21 |       ||    21
Invok: Berserk           |     1 |     4 |     3 |     2 |     1 |     9 ||    20
       Trog's Hand       |       |     7 |    10 |    12 |    14 |    25 ||    68
       Brothers in Arms  |       |       |     4 |    11 |    21 |     8 ||    44
 Abil: Evoke Flight      |       |       |       |       |       |     1 ||     1
Evoke: Wand              |       |       |     4 |    20 |    60 |    23 ||   107
       Lamp of fire      |       |       |       |       |     2 |     1 ||     3
       Phial of floods   |       |       |       |       |       |     2 ||     2
       Rod               |       |       |       |       |       |     4 ||     4
  Use: Scroll            |       |       |    12 |    12 |    15 |    13 ||    52
       Potion            |       |       |       |    15 |     3 |    19 ||    37
 Stab: Sleeping          |     1 |     5 |    23 |    68 |   106 |    24 ||   227
       Confused          |       |       |     1 |       |       |     8 ||     9
       Distracted        |       |       |       |     7 |     9 |     8 ||    24
       Paralysed         |       |       |       |     1 |       |     7 ||     8
       Invisible         |       |       |       |     3 |       |       ||     3
       Held in net/web   |       |       |       |       |    10 |       ||    10
       Fleeing           |       |       |       |       |     1 |       ||     1
       Petrifying        |       |       |       |       |       |     2 ||     2
